 Dungeon Crawl Stone Soup version 0.24-a0-22-g2a401c0 (webtiles) character file.

Game seed: 11827557320925143625

646 xccam the Ruffian (level 7, 0/52 HPs)
             Began as a Red Draconian Transmuter on Feb 1, 2019.
             Slain by a hell rat (17 damage)
             ... on level 5 of the Dungeon.
             The game lasted 00:16:34 (5277 turns).

xccam the Ruffian (Red Draconian Transmuter)        Turns: 5277, Time: 00:16:34

Health: 0/52       AC:  6    Str: 13    XL:     7   Next: 27%
Magic:  11/11      EV: 11    Int: 14    God:
Gold:   199        SH:  0    Dex: 12    Spells: 9/12 levels left

rFire    + . .     SeeInvis .     - Unarmed
rCold    . . .     Gourm    .   (no shield)
rNeg     . . .     Faith    .   (armour unavailable)
rPois    .         Spirit   .   (helmet restricted)
rElec    .         Reflect  .   (no cloak)
rCorr    .         Harm     .   (no gloves)
MR       .....                  (no boots)
Stlth    ++........             (no amulet)
HPRegen  0.17/turn              h - ring of stealth
MPRegen  0.12/turn              (no ring)

@: appendage (expiring), very slightly contaminated, heavily drained, invisible
A: breathe fire, unfitting armour, horns 2, fire resistance 1, cold-blooded, AC
+6
a: Breathe Fire, End Transformation


You were on level 5 of the Dungeon.
You were hungry.
You had grown temporary horns.
You visited 1 branch of the dungeon, and saw 5 of its levels.

You collected 199 gold pieces.

Inventory:

Missiles
 a - 61 arrows
Jewellery
 h - a ring of stealth (left hand)
Wands
 j - a wand of random effects (11)
Scrolls
 b - a scroll of teleportation
 g - 3 scrolls of remove curse
 l - 3 scrolls of identify
Potions
 d - 2 potions of agility
 e - 3 potions of lignification
 f - a potion of cancellation
 i - a potion of curing
 k - a potion of flight
Comestibles
 c - 7 rations


   Skills:
 - Level 1.1(0.0) Fighting
 - Level 3.0(0.8) Dodging
 + Level 6.9(4.4) Unarmed Combat
 + Level 3.2(1.0) Spellcasting
 + Level 3.4(1.2) Transmutations


You had 9 spell levels left.
You knew the following spells:

 Your Spells              Type           Power        Failure   Level  Hunger
a - Beastly Appendage     Tmut           #.....       16%         1    ##.....
b - Sticks to Snakes      Tmut           #.......     24%         2    ###....

Your spell library contained the following spells:

 Spells                   Type           Power        Failure   Level  Hunger
 Spider Form              Tmut/Pois      #.........   52%         3    ####...
 Ice Form                 Ice/Tmut       #.......     90%         4    #####..
 Blade Hands              Tmut           #.........   99%         5    ######.


Dungeon Overview and Level Annotations

Branches:
Dungeon (5/15)
 Temple: D:4-7

Altars:
Dithmenos
Gozag
Kikubaaqudgha
Makhleb
Ru
Xom


Innate Abilities, Weirdness & Mutations

You can breathe blasts of fire.
Your fiery red scales are hard. (AC +6)
You cannot fit into any form of body armour.
Your flesh is heat resistant. (rF+)
You are cold-blooded and may be slowed by cold attacks.
You have a pair of horns on your head.


Message History

You hit the hell rat.
Your tail-slap misses the hell rat.
The hell rat is almost dead.
The hell rat bites you!
* * * LOW HITPOINT WARNING * * *
You feel drained.
* * * LOW HITPOINT WARNING * * *
Unknown command.
It was a potion of invisibility.
You fade into invisibility!
You have got your breath back.
The hell rat closely misses you.
You are very lightly contaminated with residual magic.
Your transformation is almost over.
The hell rat misses you.
You see here a rat corpse.
You feel better. The hell rat bites you.
* * * LOW HITPOINT WARNING * * *
You feel drained.
You feel better. The hell rat bites you!
You die...

#.......#
##.###########..#
#.#.#.# ###..r....#
#..# #.<..#
####.r##rr.#...##.##
###.##
#.#§#######r#.#.##.#
#..# ##.## r...##.##
..#.##.### #.r##.###
#######rr##
...##÷.## ###r##
.######.# ##@#####
######.##
##..#.###.#..†##
###.#...#.####
#########


You could see a hell rat and 2 river rats.

Vanquished Creatures
  An ogre (D:4)
  A scorpion (D:4)
  2 vampire bats (D:2)
  A howler monkey (D:4)
  A crimson imp (D:4)
  A hound (D:5)
  An orc wizard (D:4)
  A centaur skeleton (D:5)
  Terence (D:3)
  2 worker ants (D:4)
  10 adders
  A shadow imp (D:3)
  An ooze (D:1)
  A worm (D:3)
  2 dart slugs
  2 leopard geckos
  7 orcs
  5 bat skeletons (D:2)
  A bat zombie (D:2)
  6 giant cockroaches
  10 goblins
  5 hobgoblins
  9 jackals
  2 quokkas
  A ball python skeleton (D:4)
  9 bats
  6 frilled lizards
  9 kobolds
  15 rats
114 creatures vanquished.

Notes
Turn   | Place    | Note
-------+----------+-------------------------------------------
     0 | D:1      | xccam the Draconian Transmuter began the quest for the Orb.
     0 | D:1      | Reached XP level 1. HP: 16/16 MP: 3/3
     0 | D:1      | Noticed a minotaur
     0 | D:1      | Noticed a vampire
     0 | D:1      | Noticed a vine stalker
     5 | D:1      | Noticed a formicid
     6 | D:1      | Noticed a minotaur
     7 | D:1      | Noticed a naga
    10 | D:1      | Noticed a ghoul
    10 | D:1      | Noticed a vampire
    12 | D:1      | Noticed a felid
    14 | D:1      | Noticed a vine stalker
    14 | D:1      | Noticed a human
    14 | D:1      | Noticed a formicid
    16 | D:1      | Noticed a gargoyle
    16 | D:1      | Noticed a draconian
    16 | D:1      | Noticed a ghoul
    18 | D:1      | Noticed a gargoyle
    20 | D:1      | Noticed a draconian
    64 | D:1      | Reached XP level 2. HP: 18/23 MP: 5/5
   302 | D:1      | Reached skill level 4 in Unarmed Combat
   820 | D:1      | Reached XP level 3. HP: 28/28 MP: 6/6
  1162 | D:1      | You fall through a shaft!
  1525 | D:2      | Reached skill level 5 in Unarmed Combat
  1525 | D:2      | Reached XP level 4. HP: 29/35 MP: 5/7
  1716 | D:2      | Learned a level 2 spell: Sticks to Snakes
  2395 | D:2      | Found an ancient bone altar of Kikubaaqudgha.
  2420 | D:2      | Reached XP level 5. HP: 26/40 MP: 6/8
  2428 | D:2      | Reached skill level 6 in Unarmed Combat
  2931 | D:3      | Found a shadowy altar of Dithmenos.
  3063 | D:3      | Noticed Terence
  3088 | D:3      | Killed Terence
  3319 | D:3      | Found a shimmering altar of Xom.
  3319 | D:3      | Found an opulent altar of Gozag.
  3320 | D:3      | Found a sacrificial altar of Ru.
  3441 | D:3      | Reached XP level 6. HP: 46/47 MP: 9/9
  3600 | D:3      | Found a burning altar of Makhleb.
  4707 | D:4      | Your scales start taking on a fiery red colour.
  4707 | D:4      | Reached XP level 7. HP: 41/52 MP: 11/11
  4707 | D:4      | Gained mutation: Your flesh is heat resistant. (rF+) [Red
                  | Draconian growth]
  4979 | D:5      | Entered Level 5 of the Dungeon
  5277 | D:5      | Slain by a hell rat

Vault maps used:
D:1:      shiori_arrival_whats_in_store_for_you
D:2:      kennysheep_vampire_church, first_ration
D:3:      nicolae_overflow_quartered_altars, nicolae_dithmenos_shadow_blocks,
          minmay_between, uniq_terence
D:5:      wander_guarded_unrand_ratskin, kennysheep_mini_moat,
          portal_sewer_entry_f

Skill      XL: |  1  2  3  4  5  6  7 |
---------------+----------------------+-----
Unarmed Combat | 4 5 6 |  6.9
Dodging        | 2 3 |  3.0
Transmutations | 3 |  3.4
Spellcasting   | 3 |  3.2
Fighting       | |  1.1

Action                   |  1- 3 |  4- 6 |  7- 9 || total
-------------------------+-------+-------+-------++-------
Melee: Unarmed           |   145 |   283 |    51 ||   479
       Tailslap          |    17 |    24 |     4 ||    45
       Punch             |     5 |     5 |     1 ||    11
       Kick              |     2 |     6 |       ||     8
       Headbutt          |       |     6 |       ||     6
 Cast: Beastly Appendage |     4 |     7 |     3 ||    14
       Sticks to Snakes  |       |       |     5 ||     5
 Abil: Breathe Fire      |       |       |     1 ||     1
Evoke: Wand              |       |       |     1 ||     1
  Use: Scroll            |       |     6 |     4 ||    10
       Potion            |       |     2 |     5 ||     7
 Stab: Sleeping          |     1 |     1 |     2 ||     4
       Distracted        |       |     1 |       ||     1
  Eat: Chunk             |     1 |     9 |     1 ||    11
       Ration            |       |     1 |       ||     1
Armor: Skin              |    62 |   105 |    11 ||   178
Dodge: Dodged            |    82 |   189 |    35 ||   306

Table legend:
 A = Non-vault XP
 B = Vault XP
 C = Vault XP percentage of total XP
 D = Non-vault monster count
 E = Vault monster count
 F = Vault count percentage of total count
                 A         B        C        D         E       F
            +---------+---------+-------+---------+---------+-------
      Total |     746 |     178 |  19.3 |      93 |      21 |  18.4
            +---------+---------+-------+---------+---------+-------
        D:1 |      64 |       0 |   0.0 |      35 |       0 |   0.0
        D:2 |      85 |     127 |  59.9 |      16 |       8 |  33.3
        D:3 |      96 |      43 |  30.9 |      22 |       5 |  18.5
        D:4 |     418 |       0 |   0.0 |      18 |       0 |   0.0
        D:5 |      83 |       8 |   8.8 |       2 |       8 |  80.0
            +---------+---------+-------+---------+---------+-------
